[Event "1st Fischer Memorial 2017"]
[Site "Heraklion"]
[Date "2017.04.17"]
[Round "1"]
[White "Kourkoulos-Arditis, Stamatis"]
[Black "Goumas, Georgios"]
[Result "1/2-1/2"]
[ECO "D02"]
[WhiteElo "2365"]
[BlackElo "2407"]
[Annotator "RC"]
[PlyCount "85"]
[EventDate "2017.??.??"]
[EventType "tourn"]
[EventCountry "GRE"]
[SourceTitle "playchess.com"]
[Source "ChessBase"]
[SourceQuality "1"]
[TimeControl "40/5400+30:1800+30"]

1. Nf3 d5 2. d4 Nf6 3. g3 Bf5 4. Bg2 e6 5. c4 c6 6. Nc3 Nbd7 7. Nh4 Bg4 8. h3 Bh5 9. g4 Bg6 10. Nxg6 hxg6 11. cxd5 exd5 12. Bf4 Nb6 13. Qd3 Bd6 14. Qg3 Nc4 15. b3 Bxf4 16. Qxf4 Qd6 17. Qxd6 Nxd6 18. f3 O-O-O 19. Kf2 Nd7 20. e4 dxe4 21. fxe4 f6 22. b4 Nf8 23. Rac1 Ne6 24. Ne2 Kb8 25. d5 cxd5 26. exd5 Nc7 27. Rhe1 Nf7 28. Rcd1 Rd7 29. Nf4 Ne5 30. Nd3 Nxd3+ 31. Rxd3 Rhd8 32. Red1 g5 33. Be4 Rd6 34. a4 Re8 35. Re3 Red8 36. Bf3 R6d7 37. a5 Nxd5 38. Red3 Nb6 39. Rxd7 Nxd7 40. b5 Kc7 41. Rc1+ Kb8 42. Rd1 Kc7 43. Rc1+ 1/2-1/2

[Event "1st Fischer Memorial 2017"]
[Site "Heraklion"]
[Date "2017.04.20"]
[Round "5"]
[White "Kourkoulos-Arditis, Stamatis"]
[Black "Pavlidis, Anastasios"]
[Result "0-1"]
[ECO "B78"]
[WhiteElo "2365"]
[BlackElo "2380"]
[Annotator "NA"]
[PlyCount "80"]
[EventDate "2017.??.??"]
[EventType "tourn"]
[EventCountry "GRE"]
[SourceTitle "playchess.com"]
[Source "ChessBase"]
[SourceQuality "1"]
[TimeControl "40/5400+30:1800+30"]

1. e4 c5 2. Nf3 d6 3. d4 cxd4 4. Nxd4 Nf6 5. Nc3 g6 6. Be3 Bg7 7. f3 Nc6 {[%emt 0:00:13] LiveBook: 3677 Games} 8. Qd2 O-O 9. Bc4 Bd7 10. O-O-O Ne5 11. Bb3 Rc8 12. Kb1 Re8 13. h4 h5 14. g4 hxg4 15. h5 Nxh5 16. Bh6 Kh7 ({Don't go for} 16... gxf3 $2 {[#]} 17. Rxh5 $1 Bf6 18. Rhh1 $18) ({Don't take} 16... Nxf3 $2 17. Nxf3 Bxc3 18. bxc3 $18) (16... e6 $11) 17. Bxg7 Kxg7 18. fxg4 Bxg4 19. Nf5+ Bxf5 ({Don't capture} 19... gxf5 $2 20. Qg5+ Ng6 21. exf5 Bxf5 22. Rxh5 $18) 20. exf5 Rh8 21. fxg6 Nxg6 ({But not} 21... fxg6 $2 22. Ne4 $18) 22. Nd5 Nf6 23. Nxf6 exf6 24. Rxh8 Qxh8 25. Qd5 Rc7 26. Qxd6 Re7 27. a3 Qh4 28. Qd5 Qe4 29. Qd8 f5 30. Qc8 f4 31. Bd5 Qe2 32. Rh1 b6 33. Ka2 Qe5 34. c4 Qf6 35. Rh2 $2 (35. Qg4 $1 $11 {and White stays safe.}) 35... f3 36. Qg4 ({Stronger than} 36. Qh3 Re2 37. Qh6+ Kg8 38. Qh7+ Kf8 39. Qxf7+ Qxf7) 36... f2 37. Bg2 f1=Q 38. Bxf1 Qxf1 39. Qd4+ Re5 40. Rf2 $19 Qe1 0-1

[Event "1st Fischer Memorial 2017"]
[Site "Heraklion"]
[Date "2017.04.20"]
[Round "5"]
[White "Gungl, Theo"]
[Black "Migot, Tangi"]
[Result "1/2-1/2"]
[ECO "B47"]
[WhiteElo "2269"]
[BlackElo "2355"]
[Annotator "NA"]
[PlyCount "51"]
[EventDate "2017.??.??"]
[EventType "tourn"]
[EventCountry "GRE"]
[SourceTitle "playchess.com"]
[Source "ChessBase"]
[SourceQuality "1"]
[TimeControl "40/5400+30:1800+30"]

1. e4 c5 2. Nf3 e6 3. d4 cxd4 4. Nxd4 Nc6 5. Nc3 Qc7 6. g3 a6 7. Bg2 Nf6 8. O-O Nxd4 9. Qxd4 Bc5 10. Bf4 d6 11. Qd3 Nd7 12. Na4 {[%emt 0:17:08] B47: Sicilian: Taimanov: 5 Nc3 Qc7 6 f4, 6 g3 and 6 Be2} e5 13. Bd2 Bd4 14. Bc3 {[%emt 0:19:19] LiveBook: 4 Games} (14. Nc3 Nf6 15. Rac1 Be6 16. b3 Rc8 17. Nd1 h5 18. Be3 Bc5 19. Bxc5 Qxc5 {½-½ (47) Ivanov,A (2529)-Robson,R (2620) Saint Louis 2013}) 14... Nc5 15. Nxc5 dxc5 $146 (15... Bxc5 16. Rad1 Bg4 17. Rd2 O-O 18. b4 Ba7 19. Bb2 Rac8 {½-½ (50) Moradiabadi,E (2490)-Geller,J (2495) Moscow 2006}) 16. Bxd4 cxd4 17. c3 dxc3 18. Rac1 Be6 19. Qxc3 Qxc3 20. Rxc3 Rc8 21. Rxc8+ Bxc8 22. Rc1 Kd8 23. f4 Re8 24. Rc5 f6 25. fxe5 Rxe5 26. Rxe5 $11 1/2-1/2

[Event "1st Fischer Memorial 2017"]
[Site "Heraklion"]
[Date "2017.04.21"]
[Round "6"]
[White "Migot, Tangi"]
[Black "Mitsis, Georgios"]
[Result "1/2-1/2"]
[ECO "C05"]
[WhiteElo "2355"]
[BlackElo "2239"]
[Annotator "ChessBase"]
[PlyCount "73"]
[EventDate "2017.??.??"]
[EventType "tourn"]
[EventCountry "GRE"]
[SourceTitle "playchess.com"]
[Source "ChessBase"]
[SourceQuality "1"]
[TimeControl "40/5400+30:1800+30"]

1. e4 e6 2. d4 d5 3. Nd2 Nf6 4. e5 Nfd7 5. f4 c5 6. c3 Nc6 7. Ndf3 Qb6 8. g3 cxd4 9. cxd4 Bb4+ 10. Kf2 g5 11. fxg5 Ndxe5 12. Nxe5 Nxe5 13. Kg2 Nc6 14. Nf3 Bf8 15. b3 Bg7 16. Bb2 Bd7 17. Rc1 O-O 18. Bd3 Rfe8 19. Re1 Rac8 20. Bb1 Ne7 21. Ne5 Bxe5 22. Rxc8 Rxc8 23. Rxe5 Qd6 24. Qd3 Ng6 25. Re2 Qb4 26. Rf2 Bb5 27. Qf3 Rc7 28. h4 Qe1 29. Qf6 Nf8 30. g6 hxg6 31. Ba3 Qxb1 32. Bxf8 Qe4+ 33. Kh2 Kxf8 34. Qd8+ Be8 35. Qxc7 Qxd4 36. Kg1 Qe3 37. Qd6+ 1/2-1/2